 Dungeon Crawl Stone Soup version 0.19.0-11-g3fc08b3 (webtiles) character file.

14 mistymad the Ruffian (level 2, -6/25 HPs)
             Began as a Naga Transmuter on Nov 8, 2016.
             Mangled by a goblin
             ... wielding a +1 spear of distortion
              (20 damage)
             ... on level 1 of the Dungeon.
             The game lasted 00:00:54 (739 turns).

mistymad the Ruffian (Naga Transmuter)               Turns: 739, Time: 00:00:55

Health: -6/25      AC:  1    Str: 12    XL:     2   Next: 41%
Magic:  4/5        EV: 10    Int: 13    God:
Gold:   0          SH:  0    Dex: 11    Spells: 1 memorised, 4 levels left

rFire  . . .     SeeInvis +       - Unarmed
rCold  . . .     Gourm    .     b - +0 robe
rNeg   . . .     Faith    .     (no shield)
rPois  +         Spirit   .     (no helmet)
rElec  .         Reflect  .     (no cloak)
rCorr  .         Harm     .     (no gloves)
MR     .....                    (no barding)
Stlth  +.........               (no amulet)
                                (no ring)
                                (no ring)

@: appendage, very slow
A: horns 2, see invisible, deformed body, poison resistance, slowness 2, slow
metabolism 1, spit poison 1, AC +0
a: Spit Poison, End Transformation


You were on level 1 of the Dungeon.
You were not hungry.
You had grown temporary horns.
You visited 1 branch of the dungeon, and saw 1 of its levels.

Inventory:

Missiles
 a - 12 arrows
Armour
 b - a +0 robe (worn)
Scrolls
 g - a scroll of identify {unknown}
 h - a scroll of remove curse {unknown}
 i - a scroll of enchant weapon {unknown}
 k - a scroll of random uselessness {unknown}
Potions
 e - a potion of curing {unknown}
 f - a potion of beneficial mutation {unknown}
Books
 c - a book of Changes

   Spells                             Type                      Level
   a - Beastly Appendage              Transmutation                1
   b - Sticks to Snakes               Transmutation                2
   c - Spider Form                    Transmutation/Poison         3
   d - Ice Form                       Ice/Transmutation            4
   e - Blade Hands                    Transmutation                5
Comestibles
 d - a bread ration


   Skills:
 - Level 1.0 Fighting
 - Level 1.5 Dodging
 + Level 3.1 Unarmed Combat
 + Level 2.3 Spellcasting
 + Level 2.3 Transmutations


You had 4 spell levels left.
You knew the following spells:

 Your Spells              Type           Power        Failure   Level  Hunger
a - Beastly Appendage     Tmut           #.....       12%         1    #......


Dungeon Overview and Level Annotations

Branches:
Dungeon (1/15)

Altars:
Okawaru


Innate Abilities, Weirdness & Mutations

You cannot wear boots.
Your serpentine skin is tough. (AC +0)
You have supernaturally acute eyesight. (SInv)
Armour fits poorly on your strangely shaped body.
Your system is resistant to poisons. (rPois)
You cover ground very slowly.
You have a slow metabolism.
You can spit poison.
You have a pair of horns on your head.


Message History

The splash of poison hits the rat.
The rat is poisoned.
You kill the rat!
You feel slightly more hungry. The hobgoblin barely misses you.
The jackal barely misses you.
You hit the hobgoblin.
The hobgoblin is moderately wounded.
The hobgoblin hits you with a club. The jackal barely misses you.
You take 3 damage, and have 15/25 hp.
Casting: Beastly Appendage
Confirm with . or Enter, or press ? or * to list all spells.
You grow a pair of large bovine horns.
You have got your breath back.
The jackal bites you but does no damage.
The hobgoblin hits you but does no damage.
You now have 4/5 mp.
The goblin hits you but does no damage. Space bends around you.
The hobgoblin closely misses you. The jackal closely misses you.
The goblin hits you but does no damage. Space warps horribly around you!
Ouch! That really hurt!
You die...

#.#.......
#.#.......
#.#..%....
###.#.....
###......####.
#...............
#........####...
#......g........
#......g@..###
#....#.h...#
#...###g...#
#.... .....#
#..#. .).#..#
#.# ._..##.# #.
.).).# .#
....... .#
...###..


You could see a jackal, a hobgoblin and 2 goblins.

Vanquished Creatures
  2 dart slugs (D:1)
  A giant cockroach (D:1)
  A hobgoblin (D:1)
  3 jackals (D:1)
  2 rats (D:1)
9 creatures vanquished.

Notes
Turn   | Place    | Note
-------+----------+-------------------------------------------
     0 | D:1      | mistymad the Naga Transmuter began the quest for the Orb.
     0 | D:1      | Reached XP level 1. HP: 18/18 MP: 3/3
   504 | D:1      | Reached XP level 2. HP: 13/25 MP: 5/5
   734 | D:1      | Found an iron altar of Okawaru.
   739 | D:1      | Mangled by a goblin

Action                   || total
-------------------------++-------
Melee: Unarmed           ||    31
       Headbutt          ||     2
 Cast: Beastly Appendage ||     3
 Abil: Spit Poison       ||     6
Armor: Robe              ||     6
Dodge: Dodged            ||    32
